3045 views
Uploaded 2020-03-10 19:38:05
Game version 1.32.2
10:26 long 3on3 ladder game on (6)UpperKingdom
Saved by BEARAND
3045 views
Uploaded 2020-03-10 19:38:05
Game version 1.32.2
10:26 long 3on3 ladder game on (6)UpperKingdom


54 units @ 4.8k
/ 0k
89 buildings @ 6.7k
/ 3.3k


| Lesser Clarity Potion | 2 | 140 |
| Healing Salve | 1 | 100 |
| total: | 3 | 240g |
| Peasant | 17 | 1275 | / | 0 |
| Priest | 1 | 135 | / | 10 |
| total: | 18 | 1410g | / | 10w |
| Scout Tower | 49 | 1470 | / | 980 |
| Arcane Tower | 4 | 280 | / | 200 |
| Guard Tower | 39 | 2730 | / | 1950 |
| Altar of Kings | 1 | 180 | / | 50 |
| Farm | 5 | 400 | / | 100 |
| Lumber Mill | 1 | 120 | / | 0 |
| Arcane Vault | 1 | 130 | / | 30 |
| Arcane Sanctum | 1 | 150 | / | 140 |
| Keep | 1 | 320 | / | 210 |
| Castle | 2 | 720 | / | 420 |
| total: | 58 | 2450g | / | 1300w |
| 0:01 | Peasant |
| 0:02 | Peasant |
| 0:05 | Altar of Kings |
| 0:11 | Peasant |
| 0:18 | Farm |
| 0:18 | Peasant |
| 0:19 | Peasant |
| 0:27 | Peasant |
| 0:42 | Lumber Mill |
| 0:52 | Peasant |
| 1:06 | Peasant |
| 1:08 | Peasant |
| 1:16 | Scout Tower |
| 1:24 | Scout Tower |
| 1:27 | Peasant |
| 1:29 | Scout Tower |
| 1:32 | Peasant |
| 1:36 | Peasant |
| 1:43 | Farm |
| 2:03 | Arcane Tower |
| 2:05 | Blizzard |
| 2:18 | Arcane Tower |
| 2:20 | Arcane Tower |
| 2:21 | Scout Tower |
| 2:34 | Scout Tower |
| 2:37 | Peasant |
| 2:44 | Scout Tower |
| 2:46 | Peasant |
| 2:46 | Peasant |
| 2:53 | Guard Tower |
| 2:58 | Scout Tower |
| 3:00 | Peasant |
| 3:01 | Guard Tower |
| 3:02 | Scout Tower |
| 3:13 | Guard Tower |
| 3:14 | Scout Tower |
| 3:16 | Scout Tower |
| 3:19 | Scout Tower |
| 3:21 | Scout Tower |
| 3:27 | Guard Tower |
| 3:30 | Peasant |
| 3:31 | Guard Tower |
| 3:57 | Guard Tower |
| 3:58 | Keep |
| 4:00 | Guard Tower |
| 4:02 | Scout Tower |
| 4:07 | Guard Tower |
| 4:08 | Guard Tower |
| 4:16 | Healing Salve |
| 4:20 | Lesser Clarity Potion |
| 4:28 | Farm |
| 4:31 | Farm |
| 4:35 | Farm |
| 4:46 | Improved Masonry |
| 4:46 | Advanced Masonry |
| 4:51 | Scout Tower |
| 5:01 | Scout Tower |
| 5:02 | Guard Tower |
| 5:03 | Scout Tower |
| 5:04 | Scout Tower |
| 5:05 | Scout Tower |
| 5:23 | Brilliance Aura |
| 5:24 | Guard Tower |
| 5:25 | Scout Tower |
| 5:25 | Scout Tower |
| 5:26 | Scout Tower |
| 5:45 | Guard Tower |
| 5:46 | Scout Tower |
| 5:47 | Scout Tower |
| 5:47 | Scout Tower |
| 5:48 | Scout Tower |
| 5:49 | Scout Tower |
| 6:15 | Guard Tower |
| 6:17 | Scout Tower |
| 6:18 | Scout Tower |
| 6:19 | Scout Tower |
| 6:31 | Guard Tower |
| 6:33 | Guard Tower |
| 6:40 | Lesser Clarity Potion |
| 6:47 | Guard Tower |
| 7:09 | Scout Tower |
| 7:10 | Scout Tower |
| 7:10 | Scout Tower |
| 7:11 | Guard Tower |
| 7:13 | Scout Tower |
| 7:13 | Scout Tower |
| 7:15 | Scout Tower |
| 7:18 | Storm Bolt |
| 7:18 | Arcane Tower |
| 7:19 | Guard Tower |
| 7:23 | Arcane Sanctum |
| 7:33 | Guard Tower |
| 7:39 | Guard Tower |
| 7:46 | Guard Tower |
| 7:49 | Scout Tower |
| 7:49 | Scout Tower |
| 8:03 | Guard Tower |
| 8:05 | Guard Tower |
| 8:06 | Imbued Masonry |
| 8:15 | Guard Tower |
| 8:17 | Scout Tower |
| 8:18 | Scout Tower |
| 8:46 | Blizzard |
| 9:13 | Guard Tower |
| 9:13 | Guard Tower |
| 9:14 | Bash |
| 9:24 | Castle |
| 9:26 | Priest |
| 9:39 | Guard Tower |
| 9:40 | Scout Tower |
| 9:41 | Scout Tower |
| 9:42 | Guard Tower |
| 9:57 | Arcane Vault |
| 10:04 | Scout Tower |
| 10:05 | Scout Tower |
| 10:06 | Scout Tower |
| 10:07 | Scout Tower |
| 10:08 | Scout Tower |
| 10:08 | Scout Tower |
| 10:09 | Scout Tower |
| 10:09 | Scout Tower |
| Right click | 733 |
| Select | 230 |
| Build/train/purchase | 110 |
| Select group | 105 |
| Use ability | 15 |
| Chat | 12 |
| Assign group | 8 |
| Misc. action | 7 |
| Remove unit | 4 |
| Minimap ping | 2 |


| Healing Salve | 1 | 100 |
| Lesser Clarity Potion | 4 | 280 |
| Orb of Lightning | 1 | 375 |
| total: | 6 | 755g |
| Peon | 14 | 1050 | / | 0 |
| total: | 14 | 1050g | / | 0w |
| Watch Tower | 14 | 1540 | / | 1120 |
| Altar of Storms | 1 | 180 | / | 50 |
| Orc Burrow | 2 | 320 | / | 80 |
| War Mill | 1 | 205 | / | 0 |
| Voodoo Lounge | 3 | 390 | / | 90 |
| Beastiary | 2 | 290 | / | 280 |
| Stronghold | 1 | 315 | / | 190 |
| Fortress | 1 | 325 | / | 190 |
| total: | 23 | 2925g | / | 1620w |
| 0:04 | Peon |
| 0:04 | Peon |
| 0:07 | Altar of Storms |
| 0:13 | Orc Burrow |
| 0:18 | Peon |
| 0:30 | Peon |
| 0:49 | War Mill |
| 0:58 | Peon |
| 1:09 | Voodoo Lounge |
| 1:19 | Peon |
| 1:35 | Peon |
| 1:35 | Peon |
| 1:43 | Peon |
| 1:52 | Peon |
| 2:06 | Watch Tower |
| 2:08 | Wind Walk |
| 2:20 | Watch Tower |
| 2:22 | Peon |
| 3:26 | Watch Tower |
| 3:26 | Watch Tower |
| 3:28 | Stronghold |
| 3:37 | Orc Burrow |
| 3:49 | Healing Salve |
| 3:50 | Lesser Clarity Potion |
| 3:50 | Lesser Clarity Potion |
| 4:59 | Watch Tower |
| 5:14 | Voodoo Lounge |
| 5:23 | Spiked Barricades |
| 5:29 | Watch Tower |
| 5:57 | Fortress |
| 6:01 | Critical Strike |
| 6:16 | Watch Tower |
| 6:17 | Watch Tower |
| 6:18 | Watch Tower |
| 6:47 | Voodoo Lounge |
| 6:53 | Hex |
| 7:11 | Watch Tower |
| 7:39 | Watch Tower |
| 7:40 | Watch Tower |
| 8:16 | Watch Tower |
| 9:04 | Wind Walk |
| 9:49 | Beastiary |
| 9:49 | Beastiary |
| 9:50 | Reinforced Defenses |
| 9:54 | Lesser Clarity Potion |
| 9:54 | Orb of Lightning |
| 9:58 | Lesser Clarity Potion |
| 10:07 | Watch Tower |
| 10:11 | Peon |
| 10:11 | Peon |
| 10:11 | Peon |
| Right click | 757 |
| Select group | 503 |
| Select | 81 |
| Build/train/purchase | 58 |
| Minimap ping | 19 |
| Chat | 15 |
| Use ability | 12 |
| Misc. action | 8 |
| Assign group | 7 |
| Item give/drop | 5 |
| Esc | 1 |


| Rod of Necromancy | 1 | 150 |
| Ritual Dagger | 1 | 125 |
| Lesser Clarity Potion | 1 | 70 |
| Healing Salve | 2 | 200 |
| total: | 5 | 545g |
| Acolyte | 6 | 450 | / | 0 |
| Ghoul | 16 | 1920 | / | 0 |
| total: | 22 | 2370g | / | 0w |
| Nerubian Tower | 1 | 100 | / | 20 |
| Crypt | 1 | 200 | / | 50 |
| Altar of Darkness | 1 | 180 | / | 50 |
| Ziggurat | 3 | 450 | / | 150 |
| Tomb of Relics | 1 | 130 | / | 30 |
| Graveyard | 1 | 215 | / | 0 |
| Slaughterhouse | 1 | 140 | / | 135 |
| Halls of the Dead | 2 | 640 | / | 420 |
| Black Citadel | 1 | 325 | / | 230 |
| total: | 8 | 1315g | / | 415w |
| 0:01 | Acolyte |
| 0:08 | Crypt |
| 0:14 | Acolyte |
| 0:28 | Acolyte |
| 0:34 | Altar of Darkness |
| 0:36 | Ziggurat |
| 0:58 | Tomb of Relics |
| 1:08 | Graveyard |
| 1:21 | Ghoul |
| 1:38 | Ziggurat |
| 1:51 | Ghoul |
| 2:03 | Ghoul |
| 2:29 | Ghoul |
| 2:29 | Ghoul |
| 2:29 | Ghoul |
| 2:29 | Ghoul |
| 2:29 | Ghoul |
| 2:33 | Death Coil |
| 2:37 | Rod of Necromancy |
| 2:39 | Ritual Dagger |
| 2:50 | Ghoul |
| 2:50 | Ghoul |
| 3:02 | Ghoul |
| 3:12 | Acolyte |
| 3:27 | Ghoul |
| 3:31 | Acolyte |
| 4:05 | Ghoul |
| 4:22 | Nerubian Tower |
| 4:33 | Halls of the Dead |
| 5:15 | Healing Salve |
| 5:15 | Lesser Clarity Potion |
| 5:30 | Ziggurat |
| 6:36 | Unholy Aura |
| 6:45 | Ghoul |
| 6:46 | Ghoul |
| 7:39 | Acolyte |
| 8:06 | Ghoul |
| 8:10 | Frost Nova |
| 8:35 | Black Citadel |
| 9:25 | Slaughterhouse |
| 10:05 | Healing Salve |
| Right click | 545 |
| Assign group | 392 |
| Select group | 339 |
| Select | 104 |
| Build/train/purchase | 76 |
| Resource trade | 74 |
| Chat | 47 |
| Use ability | 19 |
| Misc. action | 3 |
| Item give/drop | 2 |
| Remove unit | 1 |
/ 0.7k
34 buildings @ 5k
/ 2.1k

| Peasant | 18 | 1350 | / | 0 |
| Rifleman | 10 | 2050 | / | 300 |
| total: | 28 | 3400g | / | 300w |
| Scout Tower | 2 | 60 | / | 40 |
| Arcane Tower | 2 | 140 | / | 100 |
| Altar of Kings | 1 | 180 | / | 50 |
| Farm | 6 | 480 | / | 120 |
| Barracks | 1 | 160 | / | 60 |
| Blacksmith | 1 | 140 | / | 60 |
| Arcane Vault | 1 | 130 | / | 30 |
| total: | 12 | 1150g | / | 360w |
| 0:03 | Peasant |
| 0:04 | Peasant |
| 0:14 | Altar of Kings |
| 0:21 | Peasant |
| 0:35 | Farm |
| 0:40 | Peasant |
| 0:42 | Barracks |
| 0:59 | Peasant |
| 1:22 | Peasant |
| 1:23 | Peasant |
| 1:23 | Peasant |
| 1:35 | Farm |
| 1:57 | Blacksmith |
| 2:06 | Farm |
| 2:18 | Peasant |
| 2:26 | Storm Bolt |
| 2:35 | Farm |
| 3:00 | Peasant |
| 3:01 | Peasant |
| 3:07 | Scout Tower |
| 3:41 | Arcane Tower |
| 4:03 | Rifleman |
| 4:03 | Rifleman |
| 4:07 | Farm |
| 4:15 | Peasant |
| 4:15 | Peasant |
| 4:15 | Peasant |
| 4:23 | Rifleman |
| 4:53 | Peasant |
| 4:58 | Peasant |
| 6:03 | Rifleman |
| 6:25 | Peasant |
| 6:25 | Peasant |
| 6:35 | Rifleman |
| 6:49 | Arcane Vault |
| 7:03 | Rifleman |
| 7:21 | Scout Tower |
| 7:24 | Farm |
| 7:45 | Rifleman |
| 7:49 | Arcane Tower |
| 8:07 | Rifleman |
| 8:15 | Black Gunpowder |
| 8:38 | Rifleman |
| 9:06 | Rifleman |
| Right click | 293 |
| Select | 149 |
| Select group | 59 |
| Build/train/purchase | 43 |
| Assign group | 15 |
| Misc. action | 9 |
| Minimap ping | 8 |
| Use ability | 7 |
| Esc | 1 |


| Wisp | 15 | 900 | / | 0 |
| Archer | 1 | 130 | / | 10 |
| Huntress | 6 | 1170 | / | 120 |
| Glaive Thrower | 2 | 420 | / | 130 |
| total: | 24 | 2620g | / | 260w |
| Altar of Elders | 1 | 180 | / | 50 |
| Moon Well | 4 | 720 | / | 160 |
| Ancient of War | 1 | 150 | / | 60 |
| Hunter's Hall | 1 | 210 | / | 100 |
| Ancient of Wonders | 1 | 90 | / | 30 |
| Tree of Life | 1 | 340 | / | 185 |
| Ancient of Lore | 2 | 310 | / | 290 |
| Ancient of Wind | 1 | 150 | / | 140 |
| Tree of Ages | 2 | 640 | / | 360 |
| total: | 12 | 2150g | / | 1015w |
| 0:01 | Wisp |
| 0:07 | Altar of Elders |
| 0:08 | Wisp |
| 0:22 | Moon Well |
| 0:29 | Wisp |
| 0:48 | Ancient of War |
| 0:53 | Wisp |
| 0:53 | Wisp |
| 1:20 | Wisp |
| 1:30 | Wisp |
| 1:42 | Wisp |
| 1:45 | Hunter's Hall |
| 1:51 | Archer |
| 2:06 | Wisp |
| 2:21 | Immolation |
| 2:25 | Moon Well |
| 4:28 | Wisp |
| 4:28 | Wisp |
| 4:40 | Huntress |
| 4:40 | Huntress |
| 4:49 | Moon Well |
| 5:00 | Tree of Ages |
| 5:04 | Ancient of Wonders |
| 5:10 | Evasion |
| 5:18 | Huntress |
| 5:29 | Moon Well |
| 6:00 | Huntress |
| 6:03 | Moon Armor |
| 6:22 | Huntress |
| 7:54 | Tree of Life |
| 7:56 | Wisp |
| 7:57 | Wisp |
| 8:01 | Ancient of Lore |
| 8:16 | Huntress |
| 8:19 | Ancient of Lore |
| 8:23 | Ancient of Wind |
| 8:24 | Wisp |
| 8:25 | Wisp |
| 8:41 | Immolation |
| 8:44 | Searing Arrows |
| 9:23 | Vorpal Blades |
| 9:23 | Glaive Thrower |
| 9:23 | Glaive Thrower |
| Right click | 425 |
| Select | 242 |
| Select group | 59 |
| Build/train/purchase | 41 |
| Misc. action | 38 |
| Use ability | 14 |
| Assign group | 7 |
| Minimap ping | 1 |


| Wisp | 11 | 660 | / | 0 |
| Archer | 1 | 130 | / | 10 |
| Huntress | 5 | 975 | / | 100 |
| Dryad | 1 | 145 | / | 60 |
| total: | 18 | 1910g | / | 170w |
| Altar of Elders | 1 | 180 | / | 50 |
| Moon Well | 5 | 900 | / | 200 |
| Ancient of War | 1 | 150 | / | 60 |
| Hunter's Hall | 1 | 210 | / | 100 |
| Ancient of Lore | 2 | 310 | / | 290 |
| Tree of Ages | 1 | 320 | / | 180 |
| Tree of Eternity | 1 | 330 | / | 200 |
| total: | 10 | 1750g | / | 700w |
| 0:05 | Wisp |
| 0:08 | Altar of Elders |
| 0:13 | Moon Well |
| 0:15 | Wisp |
| 0:34 | Wisp |
| 1:09 | Moon Well |
| 1:16 | Wisp |
| 1:22 | Wisp |
| 1:32 | Wisp |
| 1:44 | Wisp |
| 1:52 | Ancient of War |
| 2:10 | Wisp |
| 2:36 | Hunter's Hall |
| 2:38 | Wisp |
| 2:38 | Wisp |
| 2:39 | Wisp |
| 3:01 | Mana Burn |
| 3:14 | Archer |
| 3:29 | Tree of Ages |
| 3:56 | Huntress |
| 4:01 | Moon Well |
| 4:25 | Reinforced Hides |
| 4:25 | Strength of the Wild |
| 4:28 | Huntress |
| 5:00 | Moon Well |
| 5:02 | Huntress |
| 5:27 | Moon Well |
| 6:16 | Huntress |
| 6:34 | Ancient of Lore |
| 6:38 | Ancient of Lore |
| 7:01 | Force of Nature |
| 7:08 | Huntress |
| 7:48 | Tree of Eternity |
| 8:34 | Improved Reinforced Hides |
| 8:34 | Improved Strength of the Wild |
| 8:37 | Dryad |
| 8:56 | Immolation |
| 9:14 | Entangling Roots |
| Right click | 180 |
| Select | 124 |
| Build/train/purchase | 31 |
| Chat | 28 |
| Use ability | 10 |
⇛